Quirre, neutral female human Wizard ---- |..-- ----- .-- |...-- |...------ ------ ...-- ----....-- --........----- -..|.-- -...... --........| |..............| ---......--........ |......--.--- |............|.--- |............. %....| |.....- |...| ---.-.....---|...| |..........|. .[..*- ---.----- ---.---- --- ---.. ---.--- --(.....---- ...^.. |...| |....| |..| |...-- |...| |.......| .--..- |.--- ------..----..-|. |....| ---.---.--.---- |.- |.| --..--|.........*. ---%...- |.....|--- -.. |.| |..-..---.......... # |.).....--------..----.---- |... |.| |................- ####.---.....................|---- --- |@*. |.| |.............[..| |...| --....................|-..---..-------- |.| ---...... .....---------.--- |....---.......-..----...........| |.-- |......................| |................................| --<.| |..---...|....[...------ |..---------..----------..>......| |...| ---- |..---..|.|..| ---- ---......-- --.-- --- -------- ---.|.-- --- ----- Quirre the Conjurer Experience level: 5 Strength: 11 Dexterity: 11 Constitution: 11 Intelligence: 18 Wisdom: 17 Charisma: 10 Health: 0(40) Energy: 63(64) Def: 3 Gold: 281 Moves: 3543 Dungeon seed: lkt6z9s9nk5-7QcZ Game ID: Quirre_1543855650 Your Inventory: Coins $ - 281 gold pieces Weapons a - a blessed +1 quarterstaff (weapon in hands) g - an uncursed +0 war hammer s - an uncursed +0 orcish dagger (alternate weapon; not wielded) V - 14 uncursed +0 darts X - a cursed -2 dart Z - an uncursed +0 bow Armor e - an uncursed +0 cloak of magic resistance (being worn) l - a blessed +0 dwarvish cloak n - an uncursed +0 pair of high boots (being worn) Y - an uncursed +0 dwarvish iron helm Comestibles f - 4 uncursed food rations h - an uncursed sprig of wolfsbane r - an uncursed fortune cookie Scrolls i - 2 uncursed scrolls of teleportation j - a cursed scroll of enchant armor k - 3 uncursed scrolls of identify m - 3 uncursed scrolls of scare monster v - a cursed scroll of enchant weapon w - 2 uncursed scrolls of identify x - 2 uncursed scrolls of create monster y - an uncursed scroll of enchant armor z - a blessed scroll of enchant weapon D - a blessed scroll of blank paper E - an uncursed scroll of light F - 2 uncursed scrolls of magic mapping G - a blessed scroll of destroy armor H - an uncursed scroll of scare monster I - an uncursed scroll of identify J - an uncursed scroll of water K - an uncursed scroll of charging L - a blessed scroll of water N - an uncursed scroll of remove curse U - an uncursed scroll of enchant weapon Spellbooks b - a blessed spellbook of force bolt c - an uncursed spellbook of light M - an uncursed spellbook of levitation Potions t - an uncursed potion of blindness Wands d - an uncursed wand of nothing (0:4) p - an uncursed wand of enlightenment (0:12) R - an uncursed wand of create monster (0:14) S - an uncursed wand of striking (0:2) W - an uncursed wand of striking (0:1) Tools q - an uncursed tooled horn Spells and supernatural/magical abilities: Name Level Category Fail Memory a - force bolt 1 attack 0% 83% l - light 1 divination 0% 83% W - pray for help -- divine ? -- Your skills at the end: Miscellaneous Skills wands [Basic] Weapon Skills quarterstaff [Basic] Spellcasting Skills attack spells [Basic] enchantment spells [Basic] Final Attributes: You were devoutly aligned. You were magic-protected. You are dead. Vanquished creatures: 2 small mimics a dwarf lord a gnome lord a golden naga hatchling 2 kittens 2 dwarves a homunculus an iguana 2 jitterbugs a giant bat a gas spore a large kobold 2 geckos 2 hobgoblins a giant rat 11 gnomes a gnome zombie 3 jackals a fox 9 newts a goblin 3 sewer rats 6 lichens 56 creatures vanquished. Voluntary challenges: You did not adorn yourself with jewelry or accessories. You did not cause conflict. You were not invisible. You did not have reflection. You were not displaced. You had been an atheist until turn 3158. You used a wielded weapon 69 times, starting on turn 61. You did not use tools. You did not use plumbed fixtures. You did not drink any magical draughts. You were illiterate. You never genocided any monsters. You never polymorphed an object. You never changed form. You used no wishes. You never split a pudding. You never wrote Elbereth's name. You never violated your personal moral code. Dungeon overview: The Dungeons of Doom: levels 1 to 5 Level 1 a long staircase Level 2 Level 3 a fountain Level 4 a scroll shop, a fountain stairs to The Gnomish Mines Level 5 a scroll shop The Gnomish Mines: Level 5 <- You were here stairs to The Dungeons of Doom History has recorded: On T:1 you entered the Dungeons of Doom to retrieve the Amulet of Yendor! On T:526 you reached level 2 of The Dungeons of Doom. On T:671 you advanced to experience level 2. On T:1031 you reached level 3 of The Dungeons of Doom. On T:1247 you advanced to experience level 3. On T:1459 you reached level 4 of The Dungeons of Doom. On T:1920 you advanced to experience level 4. On T:2029 you reached level 5 of The Dungeons of Doom. On T:2363 you advanced to experience level 5. On T:2937 you reached level 1 of The Gnomish Mines. On T:3158 you prayed to Thoth. Score breakdown: Gold: 281 ( 28 points) Experience: 5 levels ( 400 points) Exploration: 5 levels ( 120 points) Discoveries: 24 items ( 1200 points) Variety of kills: 23 monsters ( 1150 points) Major goal: (nothing yet) ( 0 points) Survival: died (score multiplied by 3) Total score: 8694 Latest messages: This gnome corpse tastes terrible! You finish eating the gnome corpse. You see here a dart. You have a little trouble lifting X - a dart. There are a few objects here. You have a little trouble lifting Z - a bow. You have a little trouble lifting l - a hooded cloak. There are a few objects here. Click! You trigger a rolling boulder trap! You are hit by a boulder. Click! You trigger a rolling boulder trap! You are hit by a boulder. You see here 14 rocks. With great effort you move the boulder. You see here 12 rocks. You stop running. You fall into a pit! You land on a set of sharp iron spikes! You die... Final status: Goodbye Quirre the Wizard, fell into a pit of iron spikes... You died in The Gnomish Mines on dungeon level 5 with 8694 points, and 281 pieces of gold, after 3543 moves. You were level 5 with a maximum of 40 hit points when you died.